 Dungeon Crawl Stone Soup version 0.29.1-2-gbd0b4ee654 (webtiles) character file.

Game seed: 13873358033368887269

75 GorkyZ the Cudgeller (level 4, 0/45 HPs)
             Began as a Troll Berserker on Nov 17, 2022.
             Was a Believer of Trog.
             Slain by a hound (3 damage)
             ... on level 3 of the Dungeon.
             The game lasted 00:04:58 (1439 turns).

GorkyZ the Cudgeller (Troll Berserker)              Turns: 1439, Time: 00:04:58

Health: 0/45       AC:  4    Str: 23 (25) XL:     4   Next: 11%
Magic:  3/3        EV: 10    Int:  3 (5)  God:    Trog [**....]
Gold:   66         SH:  4    Dex:  8 (9)  Spells: 3/3 levels left

rFire   . . .      SeeInvis .   h - +4 short sword
rCold   . . .      Faith    .   (no shield)
rNeg    . . .      Spirit   .   b - +0 animal skin
rPois   .          Reflect  .   (helmet restricted)
rElec   .          Harm     .   (no cloak)
rCorr   .          Rampage  .   (gloves unavailable)
Will    .....                   (boots unavailable)
Stlth   +.........              (no amulet)
HPRegen 0.95/turn               (no ring)
MPRegen 0.08/turn               (no ring)

@: no status effects
A: large, unfitting armour, claws 3, regeneration 1, shaggy fur 1, tough skin 1,
hooves 1, large bone plates 1, sense surroundings 1, wild magic 1
a: Renounce Religion, Berserk, Trog's Hand


You were on level 3 of the Dungeon.
You worshipped Trog.
Trog was pleased with you.
You visited 1 branch of the dungeon, and saw 3 of its levels.

You collected 66 gold pieces.

Inventory:

Hand Weapons
 a - a +0 mace
 h - a +4 short sword (weapon)
Armour
 b - a +0 animal skin (worn)
Scrolls
 f - a scroll of immolation
 i - a scroll of poison {unknown}


   Skills:
 + Level 3.1 Fighting
 + Level 3.3 Maces & Flails
 + Level 3.1 Dodging


You had 3 spell levels left.
You didn't know any spells.
Your spell library was empty.

Dungeon Overview and Level Annotations

Branches:
Dungeon (3/15)

Altars:

Annotations:
D:3 Jessica


Innate Abilities, Weirdness & Mutations

You are too large for most types of armour.
You have claws for hands.
Your natural rate of healing is unusually fast.
You are covered in fur. (AC +1)
You have tough skin. (AC +1)
You have large cloven feet.
You are partially covered in large bone plates. (SH +4)
You passively map a small area around you.
Your spells are a little harder to cast, but a little more powerful.


Message History

As you read the scroll labelled HUD TYACSI, it crumbles to dust.
You hear a loud clanging noise!
It was a scroll of noise.
You feel sick.
You hear a shout!
You hear an angry hiss.
The hound misses you. The adder bites you.
The kobold hits you with a +0 dagger. The endoplasm hits you.
The hound barely misses you.
As you read the scroll labelled ENI YCAOJOWIR, it crumbles to dust.
The creatures around you are filled with an inner flame!
It was a scroll of immolation.
You feel sick. The adder bites you but does no damage. The hound bites you.
* * * LOW HITPOINT WARNING * * *
The endoplasm freezes you.
You are frozen.
* * * LOW HITPOINT WARNING * * *
The kobold hits you but does no damage.
It was a potion of cancellation.
You feel magically purged.
You feel sick. The hound bites you but does no damage.
The adder bites you but does no damage. The kobold closely misses you.
The endoplasm completely misses you.
An endoplasm comes into view.
The hound bites you but does no damage. The adder bites you but does no damage.
It was a potion of degeneration.
There was something very wrong with that liquid.
You feel weakened.
You feel dopey.
You feel clumsy.
You feel sick.
You are no longer poisoned.
The hound bites you.
* * * LOW HITPOINT WARNING * * *
The endoplasm freezes you.
You are frozen.
* * * LOW HITPOINT WARNING * * *
The kobold hits you with a +0 dagger.
* * * LOW HITPOINT WARNING * * *
The adder closely misses you.
It was a potion of mutation.
You feel extremely strange.
Large bone plates grow over parts of your arms.
You feel a strange attunement to the structure of the dungeons.
You feel less in control of your magic.
Your feet thicken and deform.
The hound bites you.
You die...

* #.. #.# * *
#.# #.# #.# #<#
#.##### *
######.#J..#
..J....h@†..# *
.######K#S.....#
, , , *
*#...#.....# ,
,.@...,.....#
....... ....#
###.#.#. ....# *
#:#.#)# .### ,
#.#. .# ,


You could see a hound (inner flame), an adder (inner flame), Jessica, 2
endoplasms and a kobold (inner flame).

Vanquished Creatures
  3 adders (D:2)
  A worm (D:2)
  2 dart slugs
  2 bats (D:1)
  4 endoplasms
  2 giant cockroaches (D:2)
  4 goblins
  5 hobgoblins
  4 jackals (D:2)
  5 kobolds
  5 ball pythons
  A frilled lizard (D:1)
  3 rats (D:2)
41 creatures vanquished.

Notes
Turn   | Place    | Note
-------+----------+-------------------------------------------
     0 | D:1      | GorkyZ the Troll Berserker began the quest for the Orb.
     0 | D:1      | Reached XP level 1. HP: 22/22 MP: 0/0
   175 | D:1      | Reached XP level 2. HP: 20/29 MP: 1/1
   676 | D:2      | Reached ** piety under Trog
   677 | D:2      | Reached XP level 3. HP: 36/36 MP: 2/2
   977 | D:2      | Reached XP level 4. HP: 45/45 MP: 3/3
  1419 | D:3      | Noticed Jessica
  1438 | D:3      | HP: 2/45 [kobold/+0 dagger (3)]
  1439 | D:3      | Gained mutation: You are partially covered in large bone
                  | plates. (SH +4) [potion of mutation]
  1439 | D:3      | Gained mutation: You passively map a small area around you.
                  | [potion of mutation]
  1439 | D:3      | Gained mutation: Your spells are a little harder to cast,
                  | but a little more powerful. [potion of mutation]
  1439 | D:3      | Gained mutation: You have large cloven feet. [potion of
                  | mutation]
  1439 | D:3      | Slain by a hound

Illustrated notes

Levels and vault maps discovered:
D:1:      dpeg_arrival_refuge, layout_basic
D:2:      layout_basic, minmay_pentomino_v2
D:3:      layout_loops_ring, grunt_temple_overflow_lords_of_destruction,
          mainiacjoe_overflow_boulevard, ebering_ghost_gozag, uniq_sigmund,
          uniq_robin, uniq_ijyb, uniq_jessica

Skill      XL: |  1  2  3 |
---------------+----------+-----
Maces & Flails | 3 |  3.3
Fighting       | 3 |  3.1
Dodging        | 3 |  3.1

Action                   |  1- 3 |  4- 6 || total
-------------------------+-------+-------++-------
Melee: Mace              |   115 |       ||   115
       Punch             |     1 |       ||     1
       Short sword       |    25 |    35 ||    60
  Use: Potion            |       |     3 ||     3
       Scroll            |       |     2 ||     2
Armor: Animal skin       |    78 |    28 ||   106
Dodge: Dodged            |   111 |    43 ||   154
